PAA
CHESAPEAKE CONTINENTALS @ PHOENIX HOTSPUR YOUTH
08/18/2031
 
TOP OF THE 1ST
Chesapeake Continentals batting - Pitching for Phoenix Hotspur Youth : RHP Alberto Solís
Pitching: RHP Alberto Solís
Batting: RHB Dani Durán 0-0: Ball
1-0: SINGLE (Groundball, 3D)
Batting: LHB Mathias Gudmestad 0-0: Ball
Dani Durán steals 2nd base
1-0: Called Strike
1-1: Ball
2-1: Ball
3-1: Called Strike
3-2: Foul Ball, location: 2F
3-2: SINGLE (Line Drive, 4MD)
Dani Durán to third
Runner from 3rd tries for Home, SAFE, no throw
Batting: RHB Ray Walker 0-0: Ball
1-0: Foul Ball, location: 2F
1-1: Fielders Choice at 2nd, 6-4 (Groundball, 6)
Batting: SHB Peer van Lochem 0-0: Called Strike
0-1: Ball
1-1: Called Strike
1-2: Ball
2-2: Ball
3-2: Foul Ball, location: 2F
3-2: Foul Ball, location: 2F
3-2: Foul Ball, location: 2F
3-2: Base on Balls
Ray Walker to second
Batting: LHB Bartholomew Bailey 0-0: Ball
1-0: Ball
2-0: Ball
3-0: Base on Balls
Ray Walker to third
Peer van Lochem to second
Batting: LHB Rio Mence 0-0: Swinging Strike
0-1: Swinging Strike
0-2: Ball
1-2: Strikes out looking
Batting: RHB Alfonso Morín 0-0: Ball
1-0: Swinging Strike
1-1: Ball
2-1: Ball
3-1: SINGLE (Flyball, 9LS)
Ray Walker scores
Peer van Lochem to third
Bartholomew Bailey to second
Runner from 3rd tries for Home, SAFE, no throw
Batting: RHB Otton Dis 0-0: Ball
1-0: Ball
2-0: Ball
3-0: Foul Ball, location: 2F
3-1: Foul Ball, location: 2F
3-2: Strikes out looking
Top of the 1st over - 3 runs, 3 hits, 0 errors, 2 left on base; Chesapeake 3 - Phoenix Hotspur 0
BOTTOM OF THE 1ST
Phoenix Hotspur Youth batting - Pitching for Chesapeake Continentals : RHP Kyung-nam Kim
Pitching: RHP Kyung-nam Kim
Batting: RHB Juan Negrete 0-0: Swinging Strike
0-1: Swinging Strike
0-2: Ball
1-2: Ball
2-2: Ball
3-2: Strikes out swinging
Batting: LHB Damian Alldred 0-0: Called Strike
0-1: Ball
1-1: Ball
2-1: Swinging Strike
2-2: Strikes out swinging
Batting: RHB Sinfronio Vitor 0-0: Called Strike
0-1: Ball
1-1: Foul Ball, location: 2F
1-2: Ball
2-2: Foul Ball, location: 2F
2-2: Ball
3-2: Strikes out swinging
Bottom of the 1st over - 0 runs, 0 hits, 0 errors, 0 left on base; Chesapeake 3 - Phoenix Hotspur 0
TOP OF THE 2ND
Chesapeake Continentals batting - Pitching for Phoenix Hotspur Youth : RHP Alberto Solís
Batting: SHB Tomás Valdéz 0-0: Ball
1-0: Ball
2-0: Ball
3-0: Called Strike
3-1: SINGLE (Flyball, 89S)
Batting: RHB Dani Durán 0-0: Ball
1-0: Ball
2-0: Ball
3-0: Base on Balls
Tomás Valdéz to second
Batting: LHB Mathias Gudmestad 0-0: Fly out, F9 (Flyball, 89M)
Batting: RHB Ray Walker 0-0: Ball
Tomás Valdéz steals 3rd base
1-0: Ball
2-0: Called Strike
2-1: Called Strike
2-2: Ball
Dani Durán steals 2nd base
3-2: Fly out, F4 (Line Drive, 4)
Batting: SHB Peer van Lochem 0-0: Ball
1-0: Ball
2-0: Called Strike
2-1: Fly out, F4 (Line Drive, 4)
Top of the 2nd over - 0 runs, 1 hit, 0 errors, 2 left on base; Chesapeake 3 - Phoenix Hotspur 0
BOTTOM OF THE 2ND
Phoenix Hotspur Youth batting - Pitching for Chesapeake Continentals : RHP Kyung-nam Kim
Batting: RHB Braylen Sampson 0-0: Ball
1-0: Called Strike
1-1: Foul Ball, location: 2F
1-2: Ground out 6-3 (Groundball, 6)
Now at SS: Manuel Ángel
Batting: LHB Tyler Kinjeketile 0-0: Called Strike
0-1: Ball
1-1: Ground out 4-3 (Groundball, 4)
Batting: LHB António Escalante 0-0: Called Strike
0-1: Ball
1-1: Foul Ball, location: 2F
1-2: Ball
2-2: Ball
3-2: Base on Balls
Batting: RHB Carl Tucker 0-0: Foul Ball, location: 2F
0-1: SINGLE (Flyball, 7LS)
António Escalante to second
Batting: RHB José Souza 0-0: Called Strike
0-1: Swinging Strike
0-2: Ball
1-2: Ball
2-2: Ball
3-2: Fly out, F7 (Line Drive, 7)
Bottom of the 2nd over - 0 runs, 1 hit, 0 errors, 2 left on base; Chesapeake 3 - Phoenix Hotspur 0
TOP OF THE 3RD
Chesapeake Continentals batting - Pitching for Phoenix Hotspur Youth : RHP Alberto Solís
Batting: LHB Bartholomew Bailey 0-0: Foul Ball, location: 2F
0-1: Foul Ball, location: 2F
0-2: Ball
1-2: Ball
2-2: Foul Ball, location: 2F
2-2: Fly out, F7 (Flyball, 78D)
Batting: LHB Rio Mence 0-0: Fly out, F8 (Flyball, 89XD)
Batting: RHB Alfonso Morín 0-0: Ball
1-0: Foul Ball, location: 2F
1-1: Foul Ball, location: 2F
1-2: Foul Ball, location: 2F
1-2: Ball
2-2: Foul Ball, location: 2F
2-2: Strikes out swinging
Top of the 3rd over - 0 runs, 0 hits, 0 errors, 0 left on base; Chesapeake 3 - Phoenix Hotspur 0
BOTTOM OF THE 3RD
Phoenix Hotspur Youth batting - Pitching for Chesapeake Continentals : RHP Kyung-nam Kim
Batting: LHB Joseph Antoine 0-0: Ball
1-0: Called Strike
1-1: Called Strike
1-2: Strikes out swinging
Batting: RHB Juan Negrete 0-0: Swinging Strike
0-1: Ball
1-1: Ball
2-1: Ground out 6-3 (Groundball, 6)
Batting: LHB Damian Alldred 0-0: Ball
1-0: Called Strike
1-1: Foul Ball, location: 2F
1-2: Foul Ball, location: 2F
1-2: Ball
2-2: Ball
3-2: Base on Balls
Batting: RHB Sinfronio Vitor 0-0: Ball
Damian Alldred is caught stealing 2nd base
Bottom of the 3rd over - 0 runs, 0 hits, 0 errors, 0 left on base; Chesapeake 3 - Phoenix Hotspur 0
TOP OF THE 4TH
Chesapeake Continentals batting - Pitching for Phoenix Hotspur Youth : RHP Alberto Solís
Batting: RHB Manuel Ángel 0-0: Ground out 5-3 (Groundball, 56S)
Batting: SHB Tomás Valdéz 0-0: Called Strike
0-1: Ball
1-1: Foul Ball, location: 2F
1-2: Foul Ball, location: 2F
1-2: Strikes out swinging
Batting: RHB Dani Durán 0-0: Fly out, F8 (Line Drive, 8RD)
Top of the 4th over - 0 runs, 0 hits, 0 errors, 0 left on base; Chesapeake 3 - Phoenix Hotspur 0
BOTTOM OF THE 4TH
Phoenix Hotspur Youth batting - Pitching for Chesapeake Continentals : RHP Kyung-nam Kim
Batting: RHB Sinfronio Vitor 0-0: Ball
1-0: Swinging Strike
1-1: Foul Ball, location: 2F
1-2: Foul Ball, location: 2F
1-2: Foul Ball, location: 2F
1-2: Ball
2-2: Ball
3-2: SINGLE (Flyball, 78S)
Batting: RHB Braylen Sampson 0-0: Called Strike
0-1: Grounds into double play, 1-6-3 (Groundball, 13)
Batting: LHB Tyler Kinjeketile 0-0: Ball
1-0: Called Strike
1-1: Ball
2-1: Fly out, F9 (Flyball, 9)
Bottom of the 4th over - 0 runs, 1 hit, 0 errors, 0 left on base; Chesapeake 3 - Phoenix Hotspur 0
TOP OF THE 5TH
Chesapeake Continentals batting - Pitching for Phoenix Hotspur Youth : RHP Alberto Solís
Batting: LHB Mathias Gudmestad 0-0: Ground out 4-3 (Groundball, 4)
Batting: RHB Ray Walker 0-0: Fly out, F8 (Flyball, 8RM)
Batting: SHB Peer van Lochem 0-0: Foul Ball, location: 2F
0-1: Foul Ball, location: 2F
0-2: Ball
1-2: Foul Ball, location: 2F
1-2: Foul Ball, location: 2F
1-2: Strikes out looking
Top of the 5th over - 0 runs, 0 hits, 0 errors, 0 left on base; Chesapeake 3 - Phoenix Hotspur 0
BOTTOM OF THE 5TH
Phoenix Hotspur Youth batting - Pitching for Chesapeake Continentals : RHP Kyung-nam Kim
Batting: LHB António Escalante 0-0: Ball
1-0: Foul Ball, location: 2F
1-1: Ball
2-1: Swinging Strike
2-2: Foul Ball, location: 2F
2-2: Fly out, F9 (Flyball, 9S)
Batting: RHB Carl Tucker 0-0: Ball
1-0: Called Strike
1-1: Ball
2-1: Ball
3-1: Base on Balls
Batting: RHB José Souza 0-0: Ball
1-0: Ball
2-0: Ball
3-0: Called Strike
3-1: Foul Ball, location: 2F
3-2: Fly out, F9 (Flyball, 89M)
Batting: LHB Joseph Antoine 0-0: Ball
1-0: Fly out, F7 (Flyball, 78D)
Bottom of the 5th over - 0 runs, 0 hits, 0 errors, 1 left on base; Chesapeake 3 - Phoenix Hotspur 0
TOP OF THE 6TH
Chesapeake Continentals batting - Pitching for Phoenix Hotspur Youth : RHP Alberto Solís
Batting: LHB Bartholomew Bailey 0-0: Ground out 6-3 (Groundball, 6)
Batting: LHB Rio Mence 0-0: Ball
1-0: Ground out 4-3 (Groundball, 4)
Batting: RHB Alfonso Morín 0-0: Ball
1-0: Called Strike
1-1: Ball
2-1: Ball
3-1: Base on Balls
Batting: RHB Manuel Ángel 0-0: Fly out, F9 (Flyball, 9LMF)
Top of the 6th over - 0 runs, 0 hits, 0 errors, 1 left on base; Chesapeake 3 - Phoenix Hotspur 0
BOTTOM OF THE 6TH
Phoenix Hotspur Youth batting - Pitching for Chesapeake Continentals : RHP Kyung-nam Kim
Batting: RHB Juan Negrete 0-0: Ball
1-0: Foul Ball, location: 2F
1-1: Ball
2-1: Ball
3-1: Ground out 4-3 (Groundball, 4)
Batting: LHB Damian Alldred 0-0: SINGLE (Groundball, 6D)
Batting: RHB Sinfronio Vitor 0-0: Ball
1-0: Called Strike
1-1: Fielders Choice at 2nd, 4-6 (Groundball, 34)
Batting: RHB Braylen Sampson 0-0: Ball
1-0: Ball
2-0: Fielders Choice at 2nd, 6-4 (Groundball, 6)
Bottom of the 6th over - 0 runs, 1 hit, 0 errors, 1 left on base; Chesapeake 3 - Phoenix Hotspur 0
TOP OF THE 7TH
Chesapeake Continentals batting - Pitching for Phoenix Hotspur Youth : RHP Alberto Solís
Batting: SHB Tomás Valdéz 0-0: Swinging Strike
0-1: Ball
1-1: Ball
2-1: Ball
3-1: Called Strike
3-2: DOUBLE (Line Drive, 9LS)
Batting: RHB Dani Durán 0-0: Fly out, F9 (Line Drive, 89D)
Runner from 2nd tags up, SAFE at 3rd, no throw
Batting: LHB Mathias Gudmestad 0-0: Ball
1-0: Swinging Strike
1-1: Ground out U3 (Groundball, 3)
Batting: RHB Ray Walker 0-0: Called Strike
0-1: Hit by Pitch
Batting: SHB Peer van Lochem 0-0: Called Strike
0-1: Ball
1-1: Ball
2-1: Ball
3-1: 3-RUN HOME RUN (Flyball, 9LD), Distance : 334 ft
Pitching: RHP Millard Dalton
Batting: LHB Bartholomew Bailey 0-0: Ball
1-0: SINGLE (Groundball, 56D)
Batting: LHB Rio Mence 0-0: Ball
1-0: Called Strike
1-1: Ground out U3 (Groundball, 3)
Top of the 7th over - 3 runs, 3 hits, 0 errors, 1 left on base; Chesapeake 6 - Phoenix Hotspur 0
BOTTOM OF THE 7TH
Phoenix Hotspur Youth batting - Pitching for Chesapeake Continentals : RHP Kyung-nam Kim
Pitching: RHP Jason Martin
Batting: LHB Tyler Kinjeketile 0-0: Foul Ball, location: 2F
0-1: Ball
1-1: Ball
2-1: Ball
3-1: Base on Balls
Batting: LHB António Escalante 0-0: Swinging Strike
0-1: Foul Ball, location: 2F
0-2: Ball
1-2: Foul Ball, location: 2F
1-2: Foul Ball, location: 2F
1-2: SINGLE (Flyball, 9LS)
Tyler Kinjeketile to second
Runner from 2nd tries for 3rd, SAFE, throw made to third
Batting: RHB Carl Tucker 0-0: Ball
1-0: Ball
2-0: Ball
3-0: Base on Balls
António Escalante to second
Batting: RHB José Souza 0-0: Foul Ball, location: 2F
0-1: Ball
1-1: Swinging Strike
1-2: Strikes out looking
Batting: LHB Joseph Antoine 0-0: Ball
1-0: Ball
2-0: Foul Ball, location: 2F
2-1: Foul Ball, location: 2F
2-2: Ball
3-2: Strikes out looking
Batting: RHB Juan Negrete 0-0: Foul Ball, location: 2F
0-1: Ball
1-1: Foul Ball, location: 2F
1-2: Foul Ball, location: 2F
1-2: Ball
2-2: Ball
3-2: GRAND SLAM HOME RUN (Flyball, 78XD), Distance : 417 ft
Pitching: RHP Howard Vidaurri
Batting: LHB Damian Alldred 0-0: Ball
1-0: Ball
2-0: Ball
3-0: Base on Balls
Batting: RHB Sinfronio Vitor 0-0: Ball
1-0: Fly out, F8 (Flyball, 8LD)
Bottom of the 7th over - 4 runs, 2 hits, 0 errors, 1 left on base; Chesapeake 6 - Phoenix Hotspur 4
TOP OF THE 8TH
Chesapeake Continentals batting - Pitching for Phoenix Hotspur Youth : RHP Millard Dalton
Batting: RHB Alfonso Morín 0-0: Called Strike
0-1: Fly out, F7 (Flyball, 7)
Batting: RHB Manuel Ángel 0-0: Ball
1-0: Ball
2-0: SINGLE (Groundball, 6MD)
Batting: SHB Tomás Valdéz 0-0: Called Strike
0-1: Foul Ball, location: 2F
0-2: Ball
1-2: Ball
2-2: Ball
3-2: Foul Ball, location: 2F
3-2: Foul Ball, location: 2F
3-2: Foul Ball, location: 2F
3-2: Foul Ball, location: 2F
3-2: Base on Balls
Manuel Ángel to second
Pinch Hitting: LHB Raphaël Duval 0-0: Called Strike
0-1: Ball
1-1: Called Strike
1-2: Foul Ball, location: 2F
1-2: 3-RUN HOME RUN (Flyball, 9LD), Distance : 340 ft
Batting: LHB Mathias Gudmestad 0-0: Fly out, F8 (Flyball, 8LD)
Batting: RHB Ray Walker 0-0: Called Strike
0-1: SINGLE (Groundball, 34D)
Batting: SHB Peer van Lochem 0-0: Called Strike
0-1: Ball
Ray Walker steals 2nd base
1-1: Ball
2-1: Fly out, F8 (Flyball, 8LD)
Top of the 8th over - 3 runs, 3 hits, 0 errors, 1 left on base; Chesapeake 9 - Phoenix Hotspur 4
BOTTOM OF THE 8TH
Phoenix Hotspur Youth batting - Pitching for Chesapeake Continentals : RHP Howard Vidaurri
Now at 1B: Raphaël Duval
Batting: RHB Braylen Sampson 0-0: Ball
1-0: Fly out, F4 (Popup, 4S)
Batting: LHB Tyler Kinjeketile 0-0: Called Strike
0-1: Called Strike
0-2: Ball
1-2: Ball
2-2: Ball
3-2: Base on Balls
Batting: LHB António Escalante 0-0: Ball
1-0: Foul Ball, location: 2F
1-1: Ball
2-1: Foul Ball, location: 2F
2-2: Foul Ball, location: 2F
2-2: SINGLE (Groundball, 4D)
Tyler Kinjeketile to second
Runner from 2nd tries for 3rd, SAFE, no throw
Batting: RHB Carl Tucker 0-0: Swinging Strike
0-1: Ball
1-1: Ball
2-1: Ball
3-1: Base on Balls
António Escalante to second
Batting: RHB José Souza 0-0: Called Strike
0-1: Ball
1-1: Foul Ball, location: 2F
1-2: Strikes out swinging
Batting: LHB Joseph Antoine 0-0: Ball
1-0: Ball
2-0: Called Strike
2-1: Called Strike
2-2: Ball
3-2: Foul Ball, location: 2F
3-2: Foul Ball, location: 2F
3-2: Strikes out swinging
Bottom of the 8th over - 0 runs, 1 hit, 0 errors, 3 left on base; Chesapeake 9 - Phoenix Hotspur 4
TOP OF THE 9TH
Chesapeake Continentals batting - Pitching for Phoenix Hotspur Youth : RHP Millard Dalton
Batting: LHB Bartholomew Bailey 0-0: Ball
1-0: Fly out, F4 (Popup, 4M)
Batting: LHB Rio Mence 0-0: Swinging Strike
0-1: Ball
1-1: Fly out, F8 (Flyball, 8LD)
Batting: RHB Alfonso Morín 0-0: Called Strike
0-1: SINGLE (Groundball, 25) (infield hit)
Batting: RHB Manuel Ángel 0-0: Ball
1-0: SINGLE (Groundball, 34D)
Alfonso Morín to second
Runner from 2nd tries for 3rd, SAFE, throw made to third
Batting: SHB Tomás Valdéz 0-0: Foul Ball, location: 2F
0-1: Ball
1-1: Called Strike
1-2: Strikes out swinging
Top of the 9th over - 0 runs, 2 hits, 0 errors, 2 left on base; Chesapeake 9 - Phoenix Hotspur 4
BOTTOM OF THE 9TH
Phoenix Hotspur Youth batting - Pitching for Chesapeake Continentals : RHP Howard Vidaurri
Batting: RHB Juan Negrete 0-0: Ball
1-0: Called Strike
1-1: Called Strike
1-2: Foul Ball, location: 2F
1-2: Ball
2-2: Ball
3-2: Ground out 5-3 (Groundball, 56)
Batting: LHB Damian Alldred 0-0: Called Strike
0-1: Swinging Strike
0-2: Ball
1-2: Foul Ball, location: 2F
1-2: Ball
2-2: Ball
3-2: Foul Ball, location: 2F
3-2: Strikes out swinging
Batting: RHB Sinfronio Vitor 0-0: Ball
1-0: SINGLE (Line Drive, 8RS)
Batting: RHB Braylen Sampson 0-0: Called Strike
0-1: Ground out 4-3 (Groundball, 4S)
Bottom of the 9th over - 0 runs, 1 hit, 0 errors, 1 left on base; Chesapeake 9 - Phoenix Hotspur 4
Tuesday, June 12th, 2018 - OOTP Baseball 18.8 Build 76